Map: Beckett Industries LE

Players

PtitDrogo - Winner!

  • Race: Protoss Protoss

MaNa

  • Race: Protoss Protoss

Event: DreamHack SC2 Masters 2021 Fall

VOD

Have the link to the VOD?

Description

Time

  • Played on: Aug. 11, 2021, 12:45 p.m.
  • Length: 14:43

All games in this series

Show
View Real Time Build Order
Export as new Build Order

PtitDrogo Protoss - Winner!

Build Orders: Phoenix Opening 

Get SALT Encoding   

  12  0:00  Probe  
  13  0:12  Probe  
  14  0:17  Pylon  
  14  0:24  Probe (Chrono Boost)  
  15  0:37  Gateway, Probe (Chrono Boost)  
  16  0:44  Probe (Chrono Boost)  
  16  0:46  Assimilator  
  17  0:51  Probe  
  17  0:55  Assimilator  
  18  1:03  Probe (Chrono Boost)  
  19  1:11  Gateway  
  19  1:13  Probe (Chrono Boost)  
  19  1:18  Probe (Chrono Boost)  
  20  1:25  Cybernetics Core  
  21  1:31  Probe  
  22  1:38  Pylon  
  22  1:43  Probe  
  23  2:01  Warp Gate (Chrono Boost)  
  23  2:02  Sentry, Stalker  
  23  2:07  Pylon  
  27  2:09  Probe  
  28  2:28  Stalker  
  30  2:37  Phoenix  
  30  2:42  Nexus  
  29  2:46  Shield Battery  
  29  2:51  Probe  
  30  2:52  Sentry  
  30  2:58  Pylon  
  32  3:04  Probe  
  33  3:11  Sentry  
  35  3:17  Probe (Chrono Boost)  
  37  3:28  Probe (Chrono Boost)  
  37  3:31  Twilight Council  
  37  3:33  Probe (Chrono Boost)  
  38  3:42  Stalker  
  38  3:43  Probe (Chrono Boost)  
  38  3:45  Stalker  
  43  3:54  Probe (Chrono Boost)  
  45  3:57  Robotics Facility  
  45  4:01  Probe (Chrono Boost)  
  46  4:03  Probe (Chrono Boost)  
  46  4:08  Probe x2 (Chrono Boost)  
  48  4:19  Stalker x2, Probe  
  52  4:27  Probe  
  51  4:32  Probe  
  51  4:34  Pylon  
  52  4:39  Probe  
  52  4:43  Adept x2  
  52  4:45  Probe  
  58  4:49  Phoenix, Immortal (Chrono Boost)  
  62  4:53  Probe  
  62  4:57  Probe  
  64  5:01  Blink (Chrono Boost)  
  64  5:05  Probe  
  65  5:08  Pylon  
  65  5:09  Probe  
  66  5:14  Assimilator  
  66  5:18  Probe  
  66  5:20  Observer (Chrono Boost)  
  68  5:23  Pylon  
  68  5:27  Gateway x2  
  68  5:31  Probe  
  69  5:38  Immortal (Chrono Boost)  
  73  5:43  Pylon  
  73  5:50  Gateway x2  
  73  5:52  Sentry  
  75  6:05  Nexus  
  75  6:14  Warp Prism (Chrono Boost)  
  75  6:17  Sentry x2  
  81  6:22  Stalker  
  81  6:24  Stalker  
  85  6:35  Pylon  
  85  6:37  Pylon  
  83  7:01  Stalker x6  
  79  7:20  Probe  
  78  7:25  Stalker x3  
  78  7:27  Probe x2  
  78  7:28  Zealot x3  
  72  7:50  Stalker x4  
  74  7:57  Charge (Chrono Boost), Probe  
  64  8:00  Shield Battery  
  64  8:01  Zealot x5  
  64  8:02  Immortal (Chrono Boost)  
  64  8:04  Probe  
  79  8:06  Shield Battery  
  80  8:16  Pylon  
  80  8:19  Sentry  
  81  8:21  Zealot x4  
  81  8:22  Zealot  
  91  8:27  Forge  
  91  8:31  Pylon  
  91  8:35  Observer (Chrono Boost)  
  91  8:38  Dark Shrine  
  92  8:46  Stalker x3  
  98  8:50  Zealot x3  
  98  8:55  Probe  
  92  9:03  Probe  
  87  9:10  Zealot x5  
  87  9:13  Zealot  
  87  9:14  Probe  
  100  9:21  Warp Prism (Chrono Boost)  
  102  9:24  Protoss Ground Weapons Level 1 (Chrono Boost)  
  102  9:31  Zealot x2  
  106  9:38  Zealot x2  
  110  9:51  Zealot x4  
  118  10:09  Stalker x2  
  118  10:12  Stalker x3  
  118  10:13  Zealot  
  130  10:28  Immortal  
  116  10:32  Zealot  
  116  10:33  Zealot x2  
  112  10:39  Zealot x3  
  84  10:53  Stalker x3  
  84  10:54  Probe  
  87  11:02  Dark Templar x3  
  87  11:03  Probe  
  90  11:04  Observer  
  88  11:12  Photon Cannon  
  88  11:13  Photon Cannon  
  89  11:25  Stalker x3  
  91  11:34  Stalker x2  
  91  11:36  Probe  
  75  11:49  Stalker x3  
  75  11:54  Zealot  
  73  12:05  Zealot x2  
  73  12:06  Immortal  
  73  12:07  Protoss Ground Weapons Level 2 (Chrono Boost)  
  71  12:14  Zealot x4  
  73  12:15  Assimilator  
  67  12:28  Zealot x2  
  67  12:34  Stalker  
  67  12:35  Stalker  
  71  12:40  Stalker  
  71  12:42  Stalker  
  75  12:51  Zealot x2  
  75  12:58  Stalker x2  
  83  12:59  Warp Prism (Chrono Boost)  
  85  13:07  Stalker  
  85  13:09  Stalker  
  87  13:16  Dark Templar  
  89  13:26  Nexus  
  85  13:45  Stalker x5  
  89  14:05  Stalker  
  91  14:10  Stalker x5  
  91  14:14  Pylon  
  83  14:32  Stalker  
  83  14:33  Stalker x2  
  83  14:35  Stalker x2  
  83  14:36  Zealot  
Show
View Real Time Build Order
Export as new Build Order

MaNa Protoss 

Build Orders:  

Get SALT Encoding   

  12  0:00  Probe  
  13  0:12  Probe  
  14  0:18  Pylon  
  14  0:24  Probe (Chrono Boost)  
  15  0:36  Probe (Chrono Boost)  
  15  0:38  Gateway  
  16  0:45  Probe (Chrono Boost)  
  16  0:46  Assimilator  
  17  0:51  Probe  
  17  0:55  Assimilator  
  18  1:03  Probe (Chrono Boost)  
  19  1:07  Gateway  
  19  1:12  Probe (Chrono Boost)  
  19  1:17  Probe (Chrono Boost)  
  20  1:25  Cybernetics Core  
  21  1:29  Probe  
  22  1:36  Pylon  
  22  1:41  Probe  
  23  2:00  Warp Gate (Chrono Boost)  
  23  2:02  Stalker x2  
  27  2:14  Pylon  
  27  2:32  Stalker x2  
  31  2:49  Nexus  
  31  2:52  Probe  
  32  3:03  Stalker  
  34  3:07  Probe  
  35  3:14  Stalker  
  35  3:19  Probe  
  38  3:23  Pylon  
  38  3:31  Probe  
  37  3:43  Probe  
  37  3:44  Stalker  
  40  3:51  Twilight Council  
  40  3:52  Stalker  
  42  3:56  Probe  
  42  4:02  Probe (Chrono Boost)  
  44  4:08  Sentry  
  47  4:13  Probe (Chrono Boost)  
  47  4:14  Probe (Chrono Boost)  
  48  4:19  Phoenix  
  48  4:21  Probe (Chrono Boost)  
  48  4:22  Probe (Chrono Boost)  
  48  4:24  Robotics Facility  
  50  4:25  Blink (Chrono Boost)  
  50  4:28  Probe  
  49  4:32  Probe  
  49  4:37  Forge  
  50  4:40  Probe  
  50  4:44  Probe  
  52  4:48  Pylon  
  52  4:53  Probe  
  52  4:54  Stalker  
  52  4:56  Probe  
  56  5:01  Protoss Ground Weapons Level 1 (Chrono Boost)  
  56  5:05  Probe  
  57  5:08  Probe  
  57  5:10  Gateway  
  57  5:12  Observer  
  59  5:17  Probe  
  59  5:18  Gateway  
  59  5:20  Probe  
  61  5:21  Shield Battery  
  61  5:33  Immortal  
  61  5:35  Probe  
  66  5:38  Pylon  
  66  5:39  Sentry  
  66  5:40  Assimilator  
  66  5:42  Assimilator  
  68  5:44  Probe  
  68  5:47  Probe  
  68  5:49  Pylon  
  70  5:50  Pylon  
  70  6:03  Nexus  
  70  6:08  Observer  
  70  6:13  Immortal  
  70  6:16  Sentry  
  70  6:17  Sentry  
  78  6:24  Gateway x2  
  78  6:29  Shield Battery  
  78  6:34  Adept x2  
  78  6:39  Shield Battery  
  82  6:45  Probe  
  83  6:51  Warp Prism  
  83  6:52  Stalker x2  
  83  6:59  Sentry x2  
  83  7:00  Probe  
  83  7:01  Probe  
  85  7:11  Observer  
  85  7:15  Probe  
  77  7:19  Stalker x2  
  77  7:20  Stalker x2  
  83  7:26  Sentry x2  
  83  7:29  Probe x3  
  76  7:44  Stalker  
  76  7:45  Stalker x2  
  76  7:47  Zealot  
  74  7:53  Zealot x2  
  74  7:55  Probe x2 (Chrono Boost)  
  76  7:59  Probe (Chrono Boost)  
  76  8:04  Immortal  
  81  8:07  Probe x2 (Chrono Boost)  
  81  8:08  Sentry x2  
  81  8:11  Probe (Chrono Boost)  
  88  8:13  Pylon  
  88  8:16  Probe x2 (Chrono Boost)  
  88  8:17  Probe (Chrono Boost)  
  91  8:25  Pylon, Probe  
  92  8:29  Robotics Bay  
  92  8:35  Robotics Facility  
  92  8:37  Probe  
  92  8:38  Protoss Ground Weapons Level 2 (Chrono Boost)  
  92  8:39  Assimilator  
  92  8:40  Assimilator  
  93  8:49  Zealot x5  
  93  8:52  Probe  
  104  8:56  Probe  
  104  9:00  Observer  
  104  9:01  Probe  
  103  9:07  Probe  
  100  9:10  Zealot x5  
  100  9:16  Photon Cannon  
  110  9:17  Photon Cannon  
  110  9:20  Disruptor (Chrono Boost), Photon Cannon  
  110  9:23  Disruptor (Chrono Boost)  
  116  9:31  Charge  
  116  9:36  Shield Battery  
  115  9:49  Pylon  
  115  9:51  Pylon  
  115  10:04  Pylon  
  115  10:05  Pylon  
  115  10:07  Observer  
  115  10:08  Disruptor  
  115  10:09  Stalker x3  
  125  10:23  Probe  
  125  10:26  Zealot x3  
  117  10:29  Disruptor  
  117  10:32  Probe  
  117  10:33  Zealot x2  
  117  10:34  Zealot, Probe  
  103  10:39  Probe  
  86  10:44  Disruptor, Probe  
  86  10:46  Zealot  
  78  10:51  Zealot x2  
  78  10:52  Probe  
  74  11:00  Stalker x3  
  71  11:08  Stalker  
  71  11:09  Pylon  
  67  11:12  Stalker x2  
  69  11:26  Stalker x3  
  73  11:39  Stalker x3  
  71  11:44  Observer  
  71  11:49  Zealot x3  
  65  12:02  Stalker  
  65  12:05  Observer  
  54  12:19  Stalker x2  
  52  12:30  Stalker x2  
  52  12:34  Observer (Chrono Boost)  
  57  12:49  Observer  
  57  12:52  Nexus, Observer  
  57  13:03  Stalker x2  
  61  13:10  Stalker  
  63  13:17  Shield Battery  
  62  13:25  Stalker  
  64  13:31  Stalker  
  58  13:43  Stalker  
  47  13:58  Stalker x2  
  51  14:03  Stalker x3  
  57  14:12  Stalker  
  50  14:26  Stalker  

Tags
 
Add a new tag
Caveats
  • Supply blocks, unpowered buildings, or Contaminate may cause inaccurate times.
  • Supply counts are checked every 10 seconds.